 Dungeon Crawl Stone Soup version 0.31-a0-180-g519b7de00c (webtiles) character file.

Game seed: 9033276295724750814

182 Maxmaps the Shooter (level 5, -4/37 HPs)
             Began as a Demonspawn Hexslinger on June 19, 2023.
             Slain by Ijyb
             ... wielding a +0 club
              (8 damage)
             ... on level 4 of the Dungeon.
             The game lasted 00:02:31 (2699 turns).

Maxmaps the Shooter (Demonspawn Hexslinger)         Turns: 2699, Time: 00:02:32

Health: -4/37      AC: -2    Str:  9    XL:     5   Next: 35%
Magic:  0/0        EV: 10    Int: 16    God:
Gold:   171        SH:  4    Dex: 15    Spells: 5/6 levels left

rFire   . . .        i - +5 sling of Precise Incision {speed, rN+++ Will++ MP-9}
rCold   . . .        (no shield)
rNeg    + + +        m - +0 ring mail
rPois   .            (no helmet)
rElec   .            (no cloak)
rCorr   .            l - +0 pair of gloves
SInv    .            (no boots)
Will    ++...        (no amulet)
Stlth   +            (no ring)
HPRegen 0.26/turn    (no ring)
MPRegen 0.07/turn

%: no passive effects
@: brilliant, corroded
A: condensation shield, mutation resistance 1
a: no special abilities


You were on level 4 of the Dungeon.
You visited 1 branch of the dungeon, and saw 4 of its levels.

You collected 171 gold pieces.

Inventory:

Hand Weapons
 a - a +1 sling
 e - a +2 dagger of venom
 i - the +5 sling of Precise Incision (weapon) {speed, rN+++ Will++ MP-9}
   (You found it on level 2 of the Dungeon)

   rN:        It renders you almost immune to negative energy.
   MP:        It affects your magic capacity (-9).
   Will:      It greatly increases your willpower.
Armour
 c - a +0 robe
 l - a +0 pair of gloves (worn)
 m - a +0 ring mail (worn)
Jewellery
 s - a ring of magical power
Wands
 r - a wand of flame (19)
Scrolls
 b - a scroll of poison
 f - 3 scrolls of identify {unknown}
 h - a scroll of enchant armour {unknown}
 j - a scroll of fear {unknown}
 k - 2 scrolls of blinking {unknown}
 n - a scroll of teleportation {unknown}
 p - a scroll of amnesia {unknown}
 q - a scroll of enchant weapon {unknown}
Potions
 d - a potion of brilliance
 g - a potion of mutation
 o - a potion of haste {unknown}


   Skills:
 - Level 1.0 Fighting
 - Level 2.2 Short Blades
 + Level 4.4 Ranged Weapons
 - Level 1.7 Dodging
 - Level 1.0 Spellcasting
 - Level 3.0 Hexes


You had 5 spell levels left.
You knew the following spells:

 Your Spells              Type           Power      Damage    Failure   Level
a - Slow                  Hex            60%        N/A       19%         1

Your spell library contained the following spells:

 Spells                   Type           Power      Damage    Failure   Level
 Confusing Touch          Hex            15%        N/A       50%         3
 Apportation              Tloc           2%         N/A       54%         1
 Necrotise                Necr           4%         1d4       54%         1
 Summon Small Mammal      Summ           4%         N/A       54%         1
 Inner Flame              Hex/Fire       8%         N/A       71%         3
 Portal Projectile        Hex/Tloc       16%        N/A       71%         3
 Vampiric Draining        Necr           1%         2d6       88%         3
 Cause Fear               Hex            7%         N/A       88%         4


Dungeon Overview and Level Annotations

Branches:
Dungeon (4/15)
 Temple: D:4-7

Altars:
Ashenzari
Wu Jian

Annotations:
D:4 Ijyb


Innate Abilities, Weirdness & Mutations

A meltable shield of frost defends you. (SH +4)
You are somewhat resistant to further mutation.


Message History

You shoot a sling bullet.
The sling bullet completely misses Ijyb.
You shoot a sling bullet. The sling bullet hits Ijyb.
Ijyb is lightly wounded.
You shoot a sling bullet. The sling bullet closely misses Ijyb.
You shoot a sling bullet. The sling bullet closely misses Ijyb.
Ijyb hits you but does no damage.
You shoot a sling bullet. The sling bullet closely misses Ijyb.
Ijyb hits you with a +0 club.
You shoot a sling bullet. The sling bullet closely misses Ijyb.
Ijyb screams, "Level is mine!
All mine!"
Ijyb hits you with a +0 club.
You shoot a sling bullet.
The sling bullet hits Ijyb but does no damage.
Ijyb is lightly wounded.
Ijyb hits you with a +0 club.
You shoot a sling bullet. The sling bullet hits Ijyb.
Ijyb is moderately wounded.
Ijyb screams, "I no like you!" Ijyb hits you with a +0 club!
You are too injured to fight recklessly!
You are too injured to fight recklessly!
You are too injured to fight recklessly!
It was a potion of mutation.
You feel extremely strange.
You feel genetically stable.
Ijyb screams, "It's all mine!"
Ijyb barely misses you.
Fire: i) +5 sling of Precise Incision {speed, rN+++ Will++ MP-9}
Press: ? - help, Shift-Dir - straight line, f/p - Ijyb
Aim: Ijyb, wielding a +0 club, wearing a +0 ring mail and carrying a wand of acid (5) (moderately wounded, 61% to hit)
You shoot a sling bullet. The sling bullet hits Ijyb.
Ijyb is moderately wounded.
Ijyb screams, "Me stronger than you!"
Ijyb zaps a wand.
The bolt of acid hits you!
* * * LOW HITPOINT WARNING * * *
The acid corrodes you!
It was a potion of brilliance.
You feel clever all of a sudden. Ijyb hits you with a +0 club!
You die...

..# #..#
.)#...#
...... ....#
## ....##
##. #.../
... ##g.#
#.# #.@#
##.# ##..#
#...##...##
#.......# #
##.##....#
...
##.####.....
.# #.##
##..# .# #
##.# .##
.###.## #..#
#


You could see Ijyb.

Vanquished Creatures
  A scorpion (D:4)
  4 adders
  A worm (D:4)
  A dart slug (D:2)
  3 orcs
  8 endoplasms
  7 giant cockroaches
  6 goblins
  5 hobgoblins
  4 quokkas
  6 ball pythons
  3 bats
  4 frilled lizards
  9 kobolds
  5 rats
67 creatures vanquished.

Notes
Turn   | Place    | Note
-------+----------+-------------------------------------------
     0 | D:1      | Maxmaps the Demonspawn Hexslinger began the quest for the
                  | Orb.
     0 | D:1      | Reached XP level 1. HP: 15/15 MP: 2/2
    61 | D:1      | Reached skill level 2 in Ranged Weapons
   158 | D:1      | Reached skill level 1 in Short Blades
   210 | D:1      | Gained mutation: A meltable shield of frost defends you.
                  | (SH +4) [demonic ancestry]
   210 | D:1      | Reached XP level 2. HP: 21/21 MP: 3/3
  1072 | D:2      | Identified the +5 sling of Precise Incision {speed, rN+++
                  | Will++ MP-9}
  1151 | D:2      | Reached XP level 3. HP: 19/26 MP: 4/4
  1580 | D:3      | Reached skill level 3 in Ranged Weapons
  1580 | D:3      | Reached XP level 4. HP: 32/32 MP: 0/5
  1599 | D:3      | Found an ornate altar of the Wu Jian Council.
  2081 | D:3      | Found a faded altar of an unknown god.
  2350 | D:4      | Noticed a scorpion
  2363 | D:4      | Killed a scorpion
  2364 | D:4      | Reached skill level 4 in Ranged Weapons
  2364 | D:4      | Reached XP level 5. HP: 20/37 MP: 0/6
  2634 | D:4      | Found a broken altar of Ashenzari.
  2683 | D:4      | Noticed Ijyb
  2697 | D:4      | Gained mutation: You are somewhat resistant to further
                  | mutation. [potion of mutation]
  2699 | D:4      | Slain by Ijyb

Illustrated notes

Levels and vault maps discovered:
D:1:      arrival_zaba_pyramid, layout_basic
D:2:      layout_loops_ring
D:3:      layout_rooms, nzn_wu_jian_council_hall,
          hellmonk_ecumenical_altar_leap_of_faith, interstate_on_off,
          kennysheep_crisscross
D:4:      layout_layer_cave, nicolae_uskayaw_suspiria, ashenzari_altar_1,
          uniq_ijyb

Skill      XL: |  1  2  3  4 |
---------------+-------------+-----
Ranged Weapons | 2 3 4 |  4.4
Short Blades   | 1 2 |  2.2
Fighting       | |  1.0
Dodging        | |  1.7
Spellcasting   | |  1.0
Hexes          | |  3.0

Action                     |  1- 3 |  4- 6 || total
---------------------------+-------+-------++-------
  Melee: Dagger            |    49 |       ||    49
   Fire: Sling             |    36 |    88 ||   124
    Use: Potion            |       |     2 ||     2
   Stab: Sleeping          |     2 |       ||     2
 Armour: Robe              |    12 |       ||    12
         Ring mail         |       |     5 ||     5
  Dodge: Dodged            |    18 |     9 ||    27
  Block: Other             |     4 |     1 ||     5

Table legend: (Time is in decaauts)
 A = Elapsed time spent in this place.
 B = Non-inter-level travel time spent in this place.
 C = Inter-level travel time spent in this place.
 D = Time resting spent in this place.
 E = Time spent auto-exploring this place.
 F = Levels seen in this place.
 G = Mean time per level.
                   A        B        C        D        E       F      G
               +--------+--------+--------+--------+--------+-----+--------+
         Total |   2686 |   2533 |    153 |     42 |   2140 |   4 |  671.5 |
       Dungeon |   2686 |   2533 |    153 |     42 |   2140 |   4 |  671.5 |
               +--------+--------+--------+--------+--------+-----+--------+

Top non-repeatable levels by time:
     D:1: 953 daAuts
     D:2: 603 daAuts
     D:3: 599 daAuts
     D:4: 530 daAuts
